 Dungeon Crawl Stone Soup version 0.22.0-40-g68aacdc (webtiles) character file.

142 dysrexia the Insei (level 5, -2/40 HPs)
             Began as a Gnoll Transmuter on Sept 1, 2018.
             Killed from afar by Sigmund (11 damage)
             ... with a wand of flame (15)
             ... on level 3 of the Dungeon.
             The game lasted 00:07:34 (2382 turns).

dysrexia the Insei (Gnoll Transmuter)               Turns: 2382, Time: 00:07:35

Health: -2/40      AC:  3    Str: 13    XL:     5   Next: 25%
Magic:  9/12       EV: 15    Int: 15    God:
Gold:   67         SH:  0    Dex: 16    Spells: 11/14 levels left

rFire    . . .     SeeInvis .     - Unarmed
rCold    . . .     Gourm    .   (no shield)
rNeg     . . .     Faith    .   b - +0 robe
rPois    .         Spirit   .   (no helmet)
rElec    .         Reflect  .   (no cloak)
rCorr    .         Harm     .   e - +0 pair of gloves
MR       .....                  (no boots)
Stlth    ++........             (no amulet)
HPRegen  0.13/turn              (no ring)
MPRegen  0.13/turn              (no ring)

@: appendage, hasted, very quick
A: distributed training, fangs 1, horns 2, strong nose
a: End Transformation


You were on level 3 of the Dungeon.
You were not hungry.
You had grown temporary horns.
You visited 1 branch of the dungeon, and saw 3 of its levels.

You collected 67 gold pieces.

Inventory:

Missiles
 a - 64 arrows
Armour
 b - a +0 robe (worn)
 e - a +0 pair of gloves (worn)
Jewellery
 c - a +4 ring of strength {unknown}
Scrolls
 j - a scroll of teleportation
Potions
 f - a potion of flight
 g - a potion of cancellation
Comestibles
 d - 7 rations
 h - 4 chunks of flesh


   Skills:
 + Level 2.9 Fighting
 + Level 1.4 Short Blades
 + Level 1.4 Long Blades
 + Level 1.4 Axes
 + Level 1.4 Maces & Flails
 + Level 1.4 Polearms
 + Level 1.4 Staves
 + Level 1.4 Slings
 + Level 1.4 Bows
 + Level 1.4 Crossbows
 + Level 1.4 Throwing
 + Level 1.4 Armour
 + Level 4.7 Dodging
 + Level 1.4 Stealth
 + Level 1.4 Shields
 + Level 6.6 Unarmed Combat
 + Level 5.1 Spellcasting
 + Level 1.1 Conjurations
 + Level 1.1 Hexes
 + Level 1.1 Charms
 + Level 1.1 Summonings
 + Level 1.1 Necromancy
 + Level 1.1 Translocations
 + Level 3.9 Transmutations
 + Level 1.1 Fire Magic
 + Level 1.1 Ice Magic
 + Level 1.1 Air Magic
 + Level 1.1 Earth Magic
 + Level 1.1 Poison Magic
 + Level 1.5 Invocations
 + Level 1.4 Evocations


You had 11 spell levels left.
You knew the following spells:

 Your Spells              Type           Power        Failure   Level  Hunger
a - Beastly Appendage     Tmut           ###...       3%          1    None
b - Sticks to Snakes      Tmut           ###.....     4%          2    ##.....

Your spell library contained the following spells:

 Spells                   Type           Power        Failure   Level  Hunger
 Spider Form              Tmut/Pois      ##........   17%         3    ###....
 Ice Form                 Ice/Tmut       ##......     50%         4    ####...
 Blade Hands              Tmut           ###.......   65%         5    ######.


Dungeon Overview and Level Annotations

Branches:
Dungeon (3/15)

Altars:
Xom
The Shining One

Annotations:
D:3 Sigmund


Innate Abilities, Weirdness & Mutations

Your experience applies equally to all skills.
You have very sharp teeth.
Your uncanny sense of smell can sniff out nearby items.
You have a pair of horns on your head.


Message History

Confirm with . or Enter, or press ? or * to list all spells.
You grow a pair of large bovine horns.
The bat misses your adder. The bat misses you. The bat misses your adder.
Your adder misses the bat. Sigmund barely misses your adder.
The bat completely misses your adder. The bat hits your adder.
The bat hits you but does no damage.
Your adder closely misses the bat.
You hit the bat.
You kill the bat!
The bat hits your adder. x2; Your adder barely misses the bat.
Sigmund closely misses your adder. The bat hits your adder.
The bat barely misses you.
Your adder barely misses the bat.
Sigmund casts a spell at your adder. The magic dart hits your adder.
Your adder dies!
Sigmund shouts!
You punch the bat!
You kill the bat!
Sigmund looks more healthy.
Sigmund zaps a wand.
The puff of flame hits you!
You die...

.. #...... .. #...... ....
#.... ....####### #... ##
....#.....# ##.#####..#
........^.# ####..........
......._^.# #............#
....#...^.###.##@.(.......
....#..@...b@S##@.......#
# #...(..)######........#
## #....(.)######........#
....
##.............†....####
....
......@...###........#
(... ###.......#
#........# .... #....@..#
#........# # ..
#.......###........# ...
#........###.####### #...


You could see Sigmund.

Vanquished Creatures
  Jessica (D:3)
  4 gnolls
  3 adders
  A worm (D:2)
  4 dart slugs
  3 leopard geckos
  An orc (D:3)
  A ball python (D:2)
  7 bats
  3 giant cockroaches
  3 goblins (D:1)
  4 hobgoblins
  4 frilled lizards
  5 kobolds
  5 rats
49 creatures vanquished.

Vanquished Creatures (collateral kills)
  A gnoll (D:1)
1 creature vanquished.

Vanquished Creatures (others)
  A hobgoblin (D:1)
1 creature vanquished.

Grand Total: 51 creatures vanquished

Notes
Turn   | Place    | Note
-------+----------+-------------------------------------------
     0 | D:1      | dysrexia the Gnoll Transmuter began the quest for the Orb.
     0 | D:1      | Reached XP level 1. HP: 17/17 MP: 6/6
    44 | D:1      | Reached XP level 2. HP: 9/23 MP: 5/7
   424 | D:1      | Learned a level 2 spell: Sticks to Snakes
   695 | D:2      | Reached XP level 3. HP: 28/28 MP: 9/9
   721 | D:1      | Reached skill level 5 in Spellcasting
   847 | D:2      | Reached skill level 1 in Invocations
  1436 | D:2      | Reached skill level 1 in Short Blades
  1436 | D:2      | Reached skill level 1 in Long Blades
  1436 | D:2      | Reached skill level 1 in Axes
  1436 | D:2      | Reached skill level 1 in Maces & Flails
  1436 | D:2      | Reached skill level 1 in Polearms
  1436 | D:2      | Reached skill level 1 in Staves
  1436 | D:2      | Reached skill level 1 in Slings
  1436 | D:2      | Reached skill level 1 in Bows
  1436 | D:2      | Reached skill level 1 in Crossbows
  1436 | D:2      | Reached skill level 1 in Throwing
  1436 | D:2      | Reached skill level 1 in Armour
  1436 | D:2      | Reached skill level 1 in Stealth
  1436 | D:2      | Reached skill level 1 in Shields
  1436 | D:2      | Reached skill level 1 in Evocations
  1478 | D:2      | Found a glowing golden altar of the Shining One.
  1729 | D:2      | Reached XP level 4. HP: 34/34 MP: 11/11
  1953 | D:3      | Noticed Jessica
  1963 | D:3      | Killed Jessica
  1963 | D:3      | Reached skill level 1 in Conjurations
  1963 | D:3      | Reached skill level 1 in Hexes
  1963 | D:3      | Reached skill level 1 in Charms
  1963 | D:3      | Reached skill level 1 in Summonings
  1963 | D:3      | Reached skill level 1 in Necromancy
  1963 | D:3      | Reached skill level 1 in Translocations
  1963 | D:3      | Reached skill level 1 in Fire Magic
  1963 | D:3      | Reached skill level 1 in Ice Magic
  1963 | D:3      | Reached skill level 1 in Air Magic
  1963 | D:3      | Reached skill level 1 in Earth Magic
  1963 | D:3      | Reached skill level 1 in Poison Magic
  2008 | D:3      | Noticed Sigmund
  2055 | D:3      | Found a shimmering altar of Xom.
  2110 | D:3      | Reached XP level 5. HP: 27/40 MP: 5/12
  2382 | D:3      | Killed from afar by Sigmund

Skill      XL: |  1  2  3  4 |
---------------+-------------+-----
Spellcasting   | 5 |  5.1
Invocations    | 1 |  1.5
Short Blades   | 1 |  1.4
Long Blades    | 1 |  1.4
Axes           | 1 |  1.4
Maces & Flails | 1 |  1.4
Polearms       | 1 |  1.4
Staves         | 1 |  1.4
Slings         | 1 |  1.4
Bows           | 1 |  1.4
Crossbows      | 1 |  1.4
Throwing       | 1 |  1.4
Armour         | 1 |  1.4
Stealth        | 1 |  1.4
Shields        | 1 |  1.4
Evocations     | 1 |  1.4
Conjurations   | 1 |  1.1
Hexes          | 1 |  1.1
Charms         | 1 |  1.1
Summonings     | 1 |  1.1
Necromancy     | 1 |  1.1
Translocations | 1 |  1.1
Fire Magic     | 1 |  1.1
Ice Magic      | 1 |  1.1
Air Magic      | 1 |  1.1
Earth Magic    | 1 |  1.1
Poison Magic   | 1 |  1.1
Fighting       | |  2.9
Dodging        | |  4.7
Unarmed Combat | |  6.6
Transmutations | |  3.9

Action                   |  1- 3 |  4- 6 || total
-------------------------+-------+-------++-------
Melee: Unarmed           |    63 |    58 ||   121
       Bite              |     6 |     4 ||    10
       Headbutt          |     4 |     1 ||     5
       Kick              |       |     5 ||     5
       Punch             |       |     1 ||     1
 Cast: Beastly Appendage |     3 |     5 ||     8
       Sticks to Snakes  |     7 |     8 ||    15
  Use: Scroll            |     2 |     2 ||     4
       Potion            |       |     1 ||     1
 Stab: Sleeping          |     1 |     2 ||     3
  Eat: Chunk             |     2 |     3 ||     5
Armor: Robe              |    10 |    14 ||    24
Dodge: Dodged            |    49 |    65 ||   114
